Cogmind - Beta 12 @@@ ROGUE MODE // 2023.04.06 @ 17:15:20 Player: steven Result: Destroyed by as-18318 with Assembled Blade Performance ------------- Evolutions (1) 500 Regions Visited (3) 600 Robots Destroyed (38) 190 Value Destroyed (1089) 1089 Prototype IDs (2) 40 Alien Tech Used (0) 0 Bonus (0) 0 TOTAL SCORE: 2419 Bonus ------- None Cogmind --------- Core Integrity 0/400 Matter 290/300 Energy 22/100 System Corruption 1% Temperature Cool (0) Movement Treading (240) Ox1 Location -9/Mines Parts ------- > --- POWER (1) -------- (None) > --- PROPULSION (3) --- Light Treads > --- UTILITY (3) ------ Heat Sink Large Storage Unit > --- WEAPON (2) ------- Hammer > --- INVENTORY (15) --- Deuterium Engine Light Nuclear Core Light Treads Light Treads Flight Unit Flight Unit Improved Heat Sink Improved Propulsion Shielding Improved Propulsion Shielding Improved Propulsion Shielding Improved Propulsion Shielding Improved Datajack Peak State ------------ > --- POWER ------------ Deuterium Engine > --- PROPULSION ------- Light Treads Light Treads Light Treads > --- UTILITY ---------- Heat Sink Large Storage Unit Improved Propulsion Shielding > --- WEAPON ----------- Beam Rifle Particle Cannon > --- INVENTORY -------- Ion Engine Light Treads Light Treads Light Treads Light Treads Flight Unit Flight Unit Heat Sink Sensor Array Improved Propulsion Shielding Improved Propulsion Shielding Improved Propulsion Shielding Light EM Pulse Cannon Datajack Hammer [Rating: 17] Favorites ----------- Power Ion Engine Engine Ion Engine Propulsion Light Treads Treads Light Treads Leg Aluminum Leg Utility Large Storage Unit Device Heat Sink Storage Large Storage Unit Protection Backup Plating I Weapon Light EM Pulse Cannon Energy Gun EM Pulse Gun Energy Cannon Light EM Pulse Cannon Ballistic Gun Assault Rifle Launcher Grenade Launcher Impact Weapon Hammer Build | -11 -10 -9 -9 ------- Run | Jun Mat Mat Min Slots Evolved 2 | . . 2 . Power . | . . . . Propulsion 1 | . . 1 . Utility 1 | . . 1 . Weapon . | . . . . Parts Attached 52 | 7 14 28 3 Power 3 | 1 . 2 . Engine 3 | 1 . 2 . Core . | . . . . Reactor . | . . . . Propulsion 17 | 2 . 13 2 Treads 8 | 2 . 4 2 Leg 9 | . . 9 . Wheel . | . . . . Hover . | . . . . Flight . | . . . . Utility 15 | 1 8 6 . Device 5 | . 3 2 . Storage 5 | 1 4 . . Processor . | . . . . Hackware . | . . . . Protection 5 | . 1 4 . Artifact . | . . . . Weapon 17 | 3 6 7 1 Energy Gun 8 | 1 2 5 . Energy Cannon 5 | . 3 2 . Ballistic Gun 2 | 2 . . . Ballistic Cannon . | . . . . Launcher 1 | . 1 . . Special Weapon . | . . . . Impact Weapon 1 | . . . 1 Slashing Weapon . | . . . . Piercing Weapon . | . . . . Special Melee Weapon . | . . . . Unidentified Prototypes . | . . . . Parts Lost 15 | . 1 6 8 Power 2 | . . 1 1 Propulsion 7 | . . 3 4 Utility 3 | . 1 1 1 Weapon 3 | . . 1 2 Highest Loss Streak 8 | . 1 6 8 To Critical Strikes . | . . . . Average Slot Usage (%) 97 | . 97 98 79 Engine 12 | . 14 10 4 Treads 18 | . 28 8 28 Leg 11 | . . 24 . Device 11 | . 8 13 11 Storage 12 | . 14 11 11 Protection 5 | . 2 7 4 Energy Gun 9 | . 10 8 9 Energy Cannon 10 | . 7 13 4 Ballistic Gun 4 | . 9 . . Naked Turns . | . . . . Heaviest Build 90 | 14 90 40 40 Greatest Support 60 | 40 40 60 60 Greatest Overweight (x) 2 | . 2 1 . Average Overweight (x) . | . . . . Largest Inventory Capacity 25 | 8 25 15 15 Average Capacity 13 | 6 12 15 15 Most Carried 15 | 2 15 15 15 Average Carried 10 | 1 8 13 14 Final Capacity 15 | 8 15 15 15 Final Carried 15 | 2 15 15 12 Class Distribution -------------------- 67% | Mutant 32% | Scavenger-Mutant Dominant Class ---------------- Mutant | -10/Materials Scavenger-Mutant | -9/Materials Mutant | -9/Mines Resources | -11 -10 -9 -9 ----------- Run | Jun Mat Mat Min Matter Collected 786 | 199 334 253 . Remotely . | . . . . Salvage Created 1423 | . 648 760 15 Parts 81 | . 32 49 . Haulers Intercepted 1 | . 1 . . Recyclers Shooed . | . . . . Parts Field Recycled . | . . . . Retrieved Matter . | . . . . Parts Self-Destructed . | . . . . Prevented . | . . . . Kills | -11 -10 -9 -9 ------- Run | Jun Mat Mat Min Combat Hostiles Destroyed 31 | . 14 14 3 Melee 2 | . . . 2 Guns 11 | . 8 2 1 Cannons 16 | . 4 12 . AOE 2 | . 2 . . Classes Destroyed 10 | . 5 4 1 Worker 2 | . 1 1 . Hauler 1 | . 1 . . Recycler 2 | . . 2 . Mechanic 1 | . . 1 . Watcher 4 | . 2 2 . Swarmer 3 | . 1 2 . Grunt 20 | . 13 7 . Duelist 1 | . . 1 . Sentry 4 | . . 4 . Assembled 3 | . . . 3 Best Kill Streak 5 | . 5 4 3 Combat Bots Only 4 | . 4 3 3 Max Kills in Single Turn 2 | . 2 1 1 Gunslinging . | . . . . Exploded 1 | . 1 . . Melee 1 | . . . 1 Uniques/NPCs Destroyed . | . . . . Combat | -11 -10 -9 -9 -------- Run | Jun Mat Mat Min Damage Taken 2686 | . 566 800 1320 Core 476 | . 48 129 299 Absorbed by Shields . | . . . . Redirected to Shielding 2 | . 2 . . Core Remaining (%) 90 | 100 80 . . Volleys Fired 102 | . 43 49 10 Largest 2 | . 2 2 2 Hottest 133 | . 112 133 133 Shots Fired 183 | . 78 92 13 Gun 106 | . 55 41 10 Cannon 72 | . 18 51 3 Launcher 5 | . 5 . . Special . | . . . . Kinetic 26 | . 26 . . Thermal 75 | . . 62 13 Explosive 5 | . 5 . . Electromagnetic 77 | . 47 30 . Robot Hit Streak 13 | . 10 13 5 Robot Miss Streak 4 | . 4 3 4 Penetration Max . | . . . . Secondary Targets 1 | . . 1 . Max Gunslinging Chain 1 | . . 1 . Shots Hit Robots 127 | . 50 63 14 Core Hits 76 | . 28 29 19 Critical Kills . | . . . . Critical Parts Destroyed . | . . . . Critical Strikes 1 | . 1 . . Corrupt 1 | . 1 . . Melee Attacks 4 | . . . 4 Impact 4 | . . . 4 Slashing . | . . . . Piercing . | . . . . Sneak Attacks . | . . . . Combat Hostiles . | . . . . Follow-up Attacks . | . . . . Damage Inflicted 2476 | . 1123 1094 259 Guns 1099 | . 518 410 171 Cannons 974 | . 250 684 40 Explosions 355 | . 355 . . Melee 48 | . . . 48 Ramming . | . . . . Kinetic 217 | . 217 . . Thermal 932 | . 66 655 211 Explosive 289 | . 289 . . Electromagnetic 990 | . 551 439 . Impact 48 | . . . 48 Slashing . | . . . . Piercing . | . . . . Highest Corruption 1 | . . 1 1 Average Corruption 1 | . . 1 1 Corruption Purged . | . . . . Corruption Blocked . | . . . . Effects 9 | . . 7 2 Message Errors 1 | . . 1 . Matter Fused 3 | . . 2 1 Heat Flow Errors 3 | . . 2 1 Energy Discharges 1 | . . 1 . Weapon Failures 1 | . . 1 . Overload Shots . | . . . . Overflow Damage 49 | . 29 20 . Projectiles 20 | . . 20 . Explosions 29 | . 29 . . Melee . | . . . . Knockbacks . | . . . . Impact . | . . . . Kinetic . | . . . . Secondary . | . . . . Self-Inflicted Damage 102 | . 102 . . Shots 3 | . 3 . . Rammed . | . . . . Targets Rammed . | . . . . Kicked . | . . . . Crushed . | . . . . Highest Temperature 305 | . 252 305 240 Average Temperature 69 | . 60 62 124 Received Heat Transfer 790 | . 222 228 340 Siege Activations . | . . . . Robots Corrupted . | . . . . Combat Hostiles . | . . . . Parts Fried 5 | . 3 2 . Impact Corruptions . | . . . . Robots Melted . | . . . . Combat Hostiles . | . . . . Parts Melted 1 | . . 1 . Heat Transferred 1650 | . 50 1306 294 Parts Sabotaged . | . . . . Parts Stolen . | . . . . Parts Stripped . | . . . . Power Chain Reactions 1 | . 1 . . Missiles Intercepted . | . . . . Alert | -11 -10 -9 -9 ------- Run | Jun Mat Mat Min Peak Influence 339 | . 339 252 112 Initial 98 | . . 98 97 Average 118 | . 110 139 80 Maximum Alert Level 1 | . 1 1 . Low Security (%) 75 | 100 69 78 100 Level 1 24 | . 30 21 . Level 2 . | . . . . Level 3 . | . . . . Level 4 . | . . . . Level 5 . | . . . . High Security . | . . . . Max Security . | . . . . Squads Dispatched 5 | . 4 1 . Investigation 3 | . 3 . . Extermination . | . . . . Reinforcement 2 | . 1 1 . Assault . | . . . . Garrison . | . . . . Intercept . | . . . . Searches Triggered . | . . . . Construction Impeded . | . . . . Haulers Reinforced . | . . . . Active Scanning Responses . | . . . . Cargo Convoy Interrupts . | . . . . Stealth | -11 -10 -9 -9 --------- Run | Jun Mat Mat Min Distress Signals 1 | . 1 . . Communications Jammed . | . . . . Distress Signals . | . . . . Times Spotted 61 | . 26 20 15 Peak Tracking Total 9 | . 4 5 9 Tactical Retreats 4 | . 3 1 . Traps | -11 -10 -9 -9 ------- Run | Jun Mat Mat Min Traps Triggered 1 | . . 1 . Indirectly . | . . . . Trap Hack Attempts . | . . . . Triggered . | . . . . Disarmed . | . . . . Reprogrammed . | . . . . Reused . | . . . . Traps Extracted . | . . . . Installed . | . . . . Triggered . | . . . . Machines | -11 -10 -9 -9 ---------- Run | Jun Mat Mat Min Machines Disabled 2 | . 1 1 . Max in Single Turn 1 | . 1 1 . Machines Repaired . | . . . . Machines Sabotaged . | . . . . Overloaded Fab Kills . | . . . . Hacking | -11 -10 -9 -9 --------- Run | Jun Mat Mat Min Machines Accessed 7 | . 4 3 . Terminals 7 | . 4 3 . Fabricators . | . . . . Repair Stations . | . . . . Recycling Units . | . . . . Scanalyzers . | . . . . Garrison Access . | . . . . Total Hacks 19 | . 12 7 . Successful 6 | . 3 3 . Failed 13 | . 9 4 . Catastrophic 5 | . 5 . . Database Lockouts . | . . . . Manual 6 | . 5 1 . Terminals 19 | . 12 7 . Fabricators . | . . . . Repair Stations . | . . . . Recycling Units . | . . . . Scanalyzers . | . . . . Garrison Access . | . . . . Terminal Hacks 6 | . 3 3 . Prototype ID Bank 1 | . 1 . . Emergency Access Points 1 | . 1 . . Locate Traps 1 | . . 1 . Maintenance Status 1 | . 1 . . Reinforcement Status 1 | . . 1 . Registered Components 1 | . . 1 . Fabricator Hacks . | . . . . Repair Station Hacks . | . . . . Recycling Unit Hacks . | . . . . Scanalyzer . | . . . . Garrison Access Hacks . | . . . . Unauthorized Hacks . | . . . . Terminals . | . . . . Fabricators . | . . . . Repair Stations . | . . . . Recycling Units . | . . . . Scanalyzers . | . . . . Garrison Access . | . . . . Data Cores Recovered . | . . . . Used . | . . . . Hacking Detections 7 | . 4 3 . Full Trace Events 3 | . 3 . . Feedback Events . | . . . . Feedback Blocked . | . . . . Robot Schematics Acquired . | . . . . Robots Built . | . . . . Authchips . | . . . . Time . | . . . . Total Robot Build Rating . | . . . . Part Schematics Acquired . | . . . . Parts Built . | . . . . Authchips . | . . . . Time . | . . . . Total Part Build Rating . | . . . . Parts Repaired . | . . . . Time . | . . . . Parts Recycled . | . . . . Recycled Matter . | . . . . Retrieved Matter . | . . . . Retrieved Components . | . . . . Parts Scanalyzed . | . . . . Part Schematics Acquired . | . . . . Parts Damaged . | . . . . Bothacking | -11 -10 -9 -9 ------------ Run | Jun Mat Mat Min Used RIF Installer . | . . . . Robots Hacked . | . . . . Non-combat . | . . . . Combat . | . . . . Robot Hacks Applied . | . . . . Relay Couplers Released . | . . . . Fabnet Peak Effective % . | . . . . Robots Rewired . | . . . . Allies Hacked . | . . . . Hacks Repelled . | . . . . Allies | -11 -10 -9 -9 -------- Run | Jun Mat Mat Min Total Allies . | . . . . Largest Group . | . . . . Highest-Rated Group . | . . . . Highest-Rated Ally . | . . . . Total Orders . | . . . . Ally Attacks . | . . . . Total Damage . | . . . . Kills . | . . . . Allies Corrupted . | . . . . Allies Melted . | . . . . Intel | -11 -10 -9 -9 ------- Run | Jun Mat Mat Min Robot Analysis Total . | . . . . Derelict Logs Recovered . | . . . . Drone Launches . | . . . . Drone Recoveries . | . . . . Exploration | -11 -10 -9 -9 ------------- Run | Jun Mat Mat Min Turns Passed 2699 | 91 1346 1196 66 Spaces Moved 1328 | 52 704 554 18 Core 2 | 2 . . . Treads 901 | 50 704 129 18 Legs 425 | . . 425 . Wheels . | . . . . Hover . | . . . . Flight . | . . . . Fastest Speed 50 | 50 160 120 160 Average Speed 161 | 155 160 164 160 Slowest Speed 320 | 160 320 190 160 Overloaded Moves . | . . . . Propulsion Burnouts . | . . . . Robots Hopped . | . . . . Cave-ins Triggered . | . . . . Exploration Rate (%) 39 | 4 91 54 10 Regions Visited 3 Branch Regions 1 Pre-discovered Areas . | . . . . Known Exits Taken . | . . . . Unknown Exits Taken 3 | 1 1 1 . Scrap Searched . | . . . . Spaces Dug . | . . . . Terrain Destroyed 31 | . 31 . . Melee . | . . . . Projectile . | . . . . AOE 31 | . 31 . . Terrain Rammed . | . . . . Walls Destroyed . | . . . . Machines Disabled . | . . . . Actions | -11 -10 -9 -9 --------- Run | Jun Mat Mat Min Total 1695 | 59 845 756 35 Wait 109 | . 43 66 . Move 1325 | 51 703 553 18 Hop . | . . . . Pick Up 49 | 1 17 31 . Fast Attach 21 | 6 10 5 . Attach 21 | . 1 17 3 Detach . | . . . . Swap 10 | 1 3 6 . Drop 44 | . 15 29 . Fire 102 | . 43 49 10 Melee 4 | . . . 4 Ram . | . . . . Kick . | . . . . Crush . | . . . . Escape Stasis . | . . . . Rewire 10 | . 10 . . Trap . | . . . . Miscellaneous . | . . . . Route ------- -11/Junkyard -10/Materials (discovered 5 exits: *Mat x3 / [*Min x2]) -9/Materials (discovered 2 exits: [*Mat] / [*Min]) -9/Mines History --------- Turn | Location | Event 23 | -11/Junkyard | Discovered new exit (range 15) 92 | -11/Junkyard | Entered Materials 295 | -10/Materials | Discovered new exit (range 8) 300 | -10/Materials | Build established: Mutant 359 | -10/Materials | Discovered new exit (range 16) 674 | -10/Materials | Discovered new exit (range 3) 877 | -10/Materials | Discovered new exit (range 9) 1023 | -10/Materials | Discovered new exit (range 16) 1438 | -10/Materials | Entered another Materials area 1438 | -9/Materials | Evolved 2 slots: Propulsion x1, Utility x1 1765 | -9/Materials | Lost 6 parts (1p3n1u1w) 2041 | -9/Materials | Build established: Scavenger-Mutant 2251 | -9/Materials | Discovered new exit (range 4) 2588 | -9/Materials | Discovered new exit (range 16) 2634 | -9/Materials | Entered Mines 2635 | -9/Mines | Assembled infested the area 2635 | -9/Mines | Met a Derelict bent on vengeance 2653 | -9/Mines | Build established: Mutant 2662 | -9/Mines | Core integrity fell below 50% 2685 | -9/Mines | Core integrity fell below 20% 2700 | -9/Mines | Destroyed by as-18318 with Assembled Blade Last Messages --------------- 02673_ System corrupted: Heat flow error (+156). 02673_ K-01 Serf collects debris. 02676_ R-06 Scavenger collects Lgt. Deuterium Engine. 02677_ The unstable cave ceiling collapses. 02677_ Destroyed Asb. Hover Unit. 02681_ R-06 Scavenger collects Imp. Light Armor Plating. 02683_ as-84674 destroyed. 02685_ Lgt. Treads destroyed. 02686_ The unstable cave ceiling collapses. 02686_ K-01 Serf collects debris. 02688_ as-13360 destroyed. 02690_ K-01 Serf collects debris. 02691_ Lgt. Treads destroyed. 02691_ as-34387 destroyed. 02692_ The unstable cave ceiling collapses. 02695_ K-01 Serf collects debris. 02695_ Lgt. Treads destroyed. 02696_ The unstable cave ceiling collapses. 02696_ Spread Laser destroyed. 02699_ K-01 Serf collects debris. Map ----- +----------------------------------------------------+ | ?????????????????????????????????????????????????? | | ?????????????????????????????????????????????????? | | ?????????????????????????????????????????????????? | | ?????????????????????????????????????????????????? | | ?????????????????????????????????????????????????? | | ?????????????????????????????????????????????????? | | ?????????????????????????????????????????????????? | | ?????????????????????????????????????????????????? | | ?????????????????????????????????????????????????? | | ?????????????????????????????????????????????????? | | ?????????????????????????????????????????????????? | | ?????????????????????????????????????????????????? | | ?????????????????????????????????????????????????? | | ?????????????????????????????????????????????????? | | ?????????????????????????????????????????????????? | | ???????????##????????????????????????????????????? | | ?????#?????? ????????????????#####???????????????? | | ???## ???? ???????????????? %????????????????? | | ???# ???# ??????????????? ?????????????????? | | ???# ??# ?????????????? #?????????????????? | | ????# #?# #????????????? ##????????????????? | | ??????# ##??????????? #????????????????? | | ???????# % ##?????????# #????????????????? | | ?????????# ########aa #?????????????????? | | ?????????# a #???????????????????? | | ?????????# ! # @a #???????????????????? | | ?????????# # %% #???????????????????? | | ??????? # ##???????????????????? | | ????????# % ##???????????????????? | | ????????# % %k #???????????????????? | | ????????# ## # # #???????????????????? | | ????????# ####### #???????????????????? | | ????????## #??????## ##???????????????????? | | ?????????##????????##########????????????????????? | | ?????????????????????????????????????????????????? | | ?????????????????????????????????????????????????? | | ?????????????????????????????????????????????????? | | ?????????????????????????????????????????????????? | | ?????????????????????????????????????????????????? | | ?????????????????????????????????????????????????? | | ?????????????????????????????????????????????????? | | ?????????????????????????????????????????????????? | | ?????????????????????????????????????????????????? | | ?????????????????????????????????????????????????? | | ?????????????????????????????????????????????????? | | ?????????????????????????????????????????????????? | | ?????????????????????????????????????????????????? | | | | | | | +----------------------------------------------------+ Best States ------------- Heat Dissipation 38 Energy Generation 14 Energy Capacity 275 Matter Stores 300 Matter Capacity 300 Sight Range 16 Terrain Scan Density 10 Armor Coverage 150 Core Shielding 20 Propulsion Shielding 66 Evasion (%) 55 Recoil Reduction 3 Item Schematics ----------------- None Robot Schematics ------------------ None Fabricated ------------ Nothing Alien Tech Used ----------------- None Achievements -------------- None Challenges ------------ None Game ------ Seed SwordNuclearEdition Manual? 0 Play Time 00:32:11 Cumulative 19.4 hours Start 2023.04.06 @ 16:45:03 End 2023.04.06 @ 17:15:20 Sessions 1 Manual Loads 0 Difficulty Rogue Special Mode None Game No. 32 Rogue 23 Adventurer 9 Explorer 0 Win Type - Total 0 Types 0/0/0/0/0/0/0/0/0 Lore% 13 Gallery% 20 Achievement% 16 Wizard Run 0 Options --------- ASCII 0 Keyboard 0 Movement Mouse Keybinds 0 Fullscreen 1 Font 18/X11Bold Map View 76x50 Tactical HUD 1 Map Filters NONE Filters NONE Steam 1 RUN: b04eb883-6d03-42d9-bed4-5d1352f74361